 Dungeon Sprint DCSS version 0.21-a0-417-g0adc95b (webtiles) character file.

10 Kidiri the Ruffian (level 2, -12/25 HPs)
             Began as a Draconian Transmuter on Nov 3, 2017.
             Splashed by an oklob sapling's acid (13 damage)
             ... in the Dungeon (Sprint IV: "Fedhas' Mad Dash").
             The game lasted 00:01:37 (379 turns).

Kidiri the Ruffian (Draconian Transmuter)            Turns: 379, Time: 00:01:37

Health: -12/25     AC:  0    Str: 12    XL:     2   Next: 10%
Magic:  2/5        EV: 12    Int: 13    God:
Gold:   0          SH:  0    Dex: 11    Spells: 2/5 levels left

rFire    . . .     SeeInvis .     - Unarmed
rCold    . . .     Gourm    .   (no shield)
rNeg     . . .     Faith    .   (armour unavailable)
rPois    .         Spirit   .   (helmet restricted)
rElec    .         Reflect  .   (no cloak)
rCorr    .         Harm     .   (no gloves)
MR       .....     NoTele   +   (no boots)
Stlth    +.........             (no amulet)
HPRegen  0.08/turn              (no ring)
MPRegen  0.09/turn              (no ring)

@: corroded, very slightly contaminated
A: unfitting armour, cold-blooded, AC +4
a: no special abilities


You were in the Dungeon.
You were not hungry.

You visited 1 branch

Inventory:

Missiles
 a - 10 arrows
Scrolls
 i - a scroll of blinking
 j - a scroll of fear {unknown}
Potions
 d - a potion of curing
 e - a potion of heal wounds
 f - a potion of haste
 g - 2 potions of magic
 h - a potion of berserk rage
Books
 b - a book of Changes

   Spells                             Type                      Level
   a - Beastly Appendage              Transmutation                1
   b - Sticks to Snakes               Transmutation                2
   c - Spider Form                    Transmutation/Poison         3
   d - Ice Form                       Ice/Transmutation            4
   e - Blade Hands                    Transmutation                5
Comestibles
 c - a bread ration


   Skills:
 * Level 2.3 Fighting
 + Level 2.2 Dodging
 + Level 1.0 Stealth
 * Level 3.6 Unarmed Combat
 + Level 2.3 Spellcasting
 * Level 2.7 Transmutations


You had 2 spell levels left.
You knew the following spells:

 Your Spells              Type           Power        Failure   Level  Hunger
a - Beastly Appendage     Tmut           #.....       8%          1    #......
b - Sticks to Snakes      Tmut           #.......     12%         2    ###....


Dungeon Overview and Level Annotations

Branches:
Dungeon (1/1)

Altars:

Annotations:
D exclusion: oklob sapling


Innate Abilities, Weirdness & Mutations

Your plain brown scales are hard. (AC +4)
You cannot fit into any form of body armour.
You are cold-blooded and may be slowed by cold attacks.


Message History

You hit the oklob sapling but do no damage.
The oklob sapling is severely damaged.
Your ball python bites the oklob sapling but does no damage.
Your ball python constricts the oklob sapling.
Unknown command.
You hit the oklob sapling but do no damage.
The oklob sapling is severely damaged.
Your ball python bites the oklob sapling but does no damage.
Your ball python constricts the oklob sapling.
Unknown command.
You completely miss the oklob sapling.
The oklob sapling is severely damaged.
Your ball python bites the oklob sapling but does no damage.
Your ball python constricts the oklob sapling.
The oklob sapling spits acid at you. The splash of acid hits you!
* * * LOW HITPOINT WARNING * * *
The acid corrodes you!
You are splashed with acid!
The acid burns!
Ouch! That really hurt!
You die...

##################
#<..P#.....#.$$$$#
#PP..'.....S@#
#PPPP#.....#P#
##############


You could see an oklob sapling and a friendly ball python.

Vanquished Creatures
  A river rat (D)
  A rat (D)
2 creatures vanquished.

Notes
Turn   | Place    | Note
-------+----------+-------------------------------------------
     0 | D        | Kidiri the Draconian Transmuter began the quest for the Orb.
     0 | D        | Reached XP level 1. HP: 16/16 MP: 3/3
    13 | D        | Reached skill level 1 in Stealth
    13 | D        | Reached XP level 2. HP: 15/24 MP: 3/5
    25 | D        | Learned a level 2 spell: Sticks to Snakes
   125 | D        | Noticed an oklob sapling
   379 | D        | HP: 1/25 [oklob sapling/splash of acid (7)]
   379 | D        | Splashed by an oklob sapling's acid

Vault maps used:
D:        dungeon_sprint_fedhas

Skill      XL: |  1 |
---------------+----+-----
Fighting       | 2 |  2.3
Dodging        | 2 |  2.2
Stealth        | 1 |  1.0
Unarmed Combat | |  3.6
Spellcasting   | |  2.3
Transmutations | |  2.7

Action                   || total
-------------------------++-------
Melee: Unarmed           ||    11
       Headbutt          ||     2
       Tailslap          ||     1
 Cast: Beastly Appendage ||     2
       Sticks to Snakes  ||     2
Armor: Skin              ||     1
Dodge: Dodged            ||     6

Table legend:
 A = Spawn XP
 B = Non-spawn XP
 C = Spawn XP percentage of total XP
 D = Spawn monster count
 E = Non-spawn monster count
 F = Spawn count percentage of total count
 G = Total turns spent on level
                    A         B        C        D         E        F      G
               +---------+---------+-------+---------+---------+-------+---------
         Total |       0 |      15 |   0.0 |       0 |       2 |   0.0 |   379
               +---------+---------+-------+---------+---------+-------+---------
             D |       0 |      15 |   0.0 |       0 |       2 |   0.0 |   379
               +---------+---------+-------+---------+---------+-------+---------
